 Dungeon Crawl Stone Soup version 0.31-a0-1074-g0b22e4e0f1 (webtiles) character file.

Game seed: 5157317054856051884

58 RabbitInGlasses the Chiller (level 3, -5/26 HPs)
             Began as a Draconian Ice Elementalist on Nov 29, 2023.
             Killed by divine providence
             ... invoked by an orc priest
              (12 damage)
             ... on level 3 of the Dungeon.
             The game lasted 00:26:22 (2139 turns).

RabbitInGlasses the Chiller (DrIE)                  Turns: 2139, Time: 00:26:22

Health: -5/26      AC:  7    Str: 10    XL:     3   Next: 76%
Magic:  7/7        EV: 11    Int: 17    God:
Gold:   113        SH:  3    Dex: 11    Spells: 6/7 levels left

rFire   . . .        n - +0 falchion
rCold   . . .        q - +0 buckler
rNeg    . . .        (body armour unavailable)
rPois   .            (helmet restricted)
rElec   .            s - +0 cloak
rCorr   .            (no gloves)
SInv    .            t - +0 pair of boots
Will    .....        (no amulet)
Stlth   ++           (no ring)
HPRegen 0.24/turn    (no ring)
MPRegen 0.10/turn

%: no passive effects
@: no status effects
A: AC +5, unfitting armour, cold-blooded
a: no special abilities


You were on level 3 of the Dungeon.
You visited 1 branch of the dungeon, and saw 3 of its levels.

You collected 113 gold pieces.

Inventory:

Hand Weapons
 n - a +0 falchion (weapon)
 p - a +0 sling
Missiles
 d - 63 stones
 f - a throwing net
 j - 5 poisoned darts
Armour
 h - an orb of wrath
 q - a +0 buckler (worn)
 s - a +0 cloak (worn)
 t - a +0 pair of boots (worn)
Magical Staves
 i - a staff of air
Scrolls
 e - 2 scrolls of enchant armour
 k - a scroll of fear
 l - a scroll of teleportation {unknown}
 m - 2 scrolls of fog {unknown}
Potions
 a - a potion of magic
 b - a potion of attraction
 g - a potion of mutation {unknown}
 o - a potion of invisibility {unknown}
 r - 2 potions of might {unknown}


   Skills:
 - Level 0.2(0.3) Short Blades
 * Level 0.3(0.4) Long Blades
 - Level 2.0 Dodging
 - Level 2.0 Stealth
 * Level 2.6 Spellcasting
 * Level 4.7 Ice Magic


You had 6 spell levels left.
You knew the following spells:

 Your Spells              Type           Power      Damage    Failure   Level
a - Freeze                Ice            72%        1d8       3%          1

Your spell library contained the following spells:

 Spells                   Type           Power      Damage    Failure   Level
 Frozen Ramparts          Ice            36%        1d6       12%         3
 Ozocubu's Armour         Ice            18%        N/A       12%         3
 Summon Ice Beast         Ice/Summ       10%        N/A       71%         4


Dungeon Overview and Level Annotations

Branches:
Dungeon (3/15)

Altars:
Okawaru

Portals:
Sewer: D:3


Innate Abilities, Weirdness & Mutations

Your plain brown scales are hard. (AC +5)
You cannot fit into any form of body armour.
You are cold-blooded and may be slowed by cold attacks.


Message History

The orc wizard mumbles some strange words.
The orc wizard flickers and vanishes!
Deactivating autopickup; reactivate with Ctrl-A.
The orc priest invokes the aid of Beogh against you.
Beogh smites you!
Ouch! That really hurt!
The ball python attacks as it pursues you!
The ball python closely misses you. x2
Aiming: Freeze (safe; 3% risk of failure)
Press: ? - help, Q - select action, (/) - cycle Shift-Dir - straight line, f - ball python
Aim: a ball python
Okay, then.
You hear some strange, mumbled words.
Something tries to affect you, but you resist.
The orc priest looks satisfied for a moment.
The ball python attacks as it pursues you!
The ball python bites you but does no damage.
The ball python grabs you. The ball python constricts you.
You escape the ball python's grasp.
The orc priest casts a cantrip, but nothing happens.
The orc priest miscasts a cantrip.
The ball python attacks as it pursues you!
The ball python bites you but does no damage.
The ball python closely misses you.
There is a stone staircase leading up here.
The ball python attacks as it pursues you!
The ball python bites you.
* * * LOW HITPOINT WARNING * * *
The ball python misses you.
The ball python attacks as it pursues you!
The ball python closely misses you. The ball python grabs you.
The ball python constricts you.
* * * LOW HITPOINT WARNING * * *
You escape the ball python's grasp.
The orc throws a boomerang.
You block the boomerang.
The orc throws a boomerang.
The boomerang misses you.
You hear the rusting of a drain nearby.
The orc priest invokes the aid of Beogh against you.
Beogh smites you!
You die...

##†##
.....[...............#
#..†#
.............<.......#
..#.#
...........oo#.......#
....#
........)....#.##..#...
.##<# .............#.#
....#>. .####
.............#.##.....
. .#
###.....S...........##
.# #.##.#.####.## ##.#
.# #.##.#@....... .#
###[##.######.### .#
#......# .# #.#.####
.########.#.#
............#
#########.###
..........# #########.#


You could see an orc priest, an orc and a ball python.

Vanquished Creatures
  An orc (D:3)
  3 endoplasms
  2 giant cockroaches
  11 goblins
  8 hobgoblins
  3 jackals (D:1)
  4 kobolds
  3 quokkas
  4 ball pythons
  5 bats
  2 frilled lizards (D:1)
  A rat (D:1)
47 creatures vanquished.

Notes
Turn   | Place    | Note
-------+----------+-------------------------------------------
     0 | D:1      | RabbitInGlasses the Draconian Ice Elementalist began the
                  | quest for the Orb.
     0 | D:1      | Reached XP level 1. HP: 14/14 MP: 3/3
   330 | D:1      | Reached XP level 2. HP: 20/20 MP: 1/5
   739 | D:1      | Found a faded altar of an unknown god.
  1063 | D:2      | Reached XP level 3. HP: 26/26 MP: 3/6
  2019 | D:3      | Found an iron altar of Okawaru.
  2121 | D:3      | Found a glowing drain.
  2139 | D:3      | Killed from afar by an orc priest

Illustrated notes

Levels and vault maps discovered:
D:1:      dpeg_arrival_tiny_a, layout_loops_ring,
          hellmonk_ecumenical_altar_dog_temple, minmay_pentomino_p4
D:2:      layout_basic
D:3:      layout_basic, okawaru_altar_gauntlet_db, gup_sewer_entry_glass

Skill      XL: |  1  2  3 |
---------------+----------+-----
Dodging        | 2 |  2.0
Stealth        | 2 |  2.0
Short Blades   | |  0.2
Long Blades    | |  0.3
Spellcasting   | |  2.6
Ice Magic      | |  4.7

Action                     || total
---------------------------++-------
  Melee: Unarmed           ||     6
         Tailslap          ||    10
         Dagger            ||    30
         Falchion          ||    25
   Cast: Freeze            ||    40
    Use: Scroll            ||     3
   Stab: Sleeping          ||     2
 Armour: Skin              ||    68
  Dodge: Dodged            ||    46
  Block: Buckler           ||     4

Table legend: (Time is in decaauts)
 A = Elapsed time spent in this place.
 B = Non-inter-level travel time spent in this place.
 C = Inter-level travel time spent in this place.
 D = Time resting spent in this place.
 E = Time spent auto-exploring this place.
 F = Levels seen in this place.
 G = Mean time per level.
                   A        B        C        D        E       F      G
               +--------+--------+--------+--------+--------+-----+--------+
         Total |   2146 |   2144 |      2 |    193 |   1366 |   3 |  715.3 |
       Dungeon |   2146 |   2144 |      2 |    193 |   1366 |   3 |  715.3 |
               +--------+--------+--------+--------+--------+-----+--------+

Top non-repeatable levels by time:
     D:2: 1044 daAuts
     D:1: 950 daAuts
     D:3: 151 daAuts
